 Dungeon Crawl Stone Soup version 0.29.1-1-gd02db6906a (webtiles) character file.

Game seed: 15564482291007535295

409 Demigod47 the Covered (level 6, -4/54 (56) HPs)
             Began as a Minotaur Fighter on Oct 6, 2022.
             Was an Initiate of Okawaru.
             Slain by a steam dragon (9 damage)
             ... on level 5 of the Dungeon.
             The game lasted 00:08:16 (3704 turns).

Demigod47 the Covered (Minotaur Fighter)            Turns: 3704, Time: 00:08:16

HP:   -4/54 (56)    AC: 13    Str: 22 (23) XL:     6   Next: 58%
MP:   5/5           EV:  8    Int:  4 (5)  God:    Okawaru [......]
Gold: 185           SH:  4    Dex:  5 (9)  Spells: 5/5 levels left

rFire   . . .      SeeInvis .   a - +0 flail
rCold   + . .      Faith    .   c - +0 buckler
rNeg    . . .      Spirit   .   d - +4 chain mail {rC+}
rPois   +          Reflect  .   (helmet restricted)
rElec   .          Harm     .   (no cloak)
rCorr   .          Rampage  .   (no gloves)
Will    .....                   (no boots)
Stlth   ..........              h - amulet of magic regeneration
HPRegen 0.18/turn               p - ring of poison resistance
MPRegen 0.49/turn               (no ring)

@: lightly drained, unable to read
A: horns 2, retaliatory headbutt, inability to read after injury 1
a: Renounce Religion


You were on level 5 of the Dungeon.
You worshipped Okawaru.
Okawaru was noncommittal.
You visited 1 branch of the dungeon, and saw 5 of its levels.

You collected 185 gold pieces.

Inventory:

Hand Weapons
 a - a +0 flail (weapon)
Missiles
 i - 3 poisoned darts (quivered)
 r - 2 boomerangs
Armour
 b - a +0 scale mail
 c - a +0 buckler (worn)
 d - a +4 chain mail of cold resistance (worn)
Jewellery
 h - an amulet of magic regeneration (around neck)
 p - a ring of poison resistance (left hand)
 s - a +6 ring of intelligence
Wands
 j - a wand of flame (24)
Scrolls
 e - a scroll of vulnerability {unknown}
 f - a scroll of blinking {unknown}
 g - a scroll of torment {unknown}
 k - a scroll of amnesia {unknown}
 m - 3 scrolls of teleportation {unknown}
 n - 3 scrolls of identify {unknown}
 o - a scroll of immolation {unknown}
 q - 2 scrolls of fear {unknown}
 u - a scroll of enchant armour {unknown}
Potions
 l - a potion of invisibility {unknown}
 t - a potion of curing


   Skills:
 + Level 5.1 Fighting
 + Level 4.9 Maces & Flails
 + Level 5.3 Armour
 + Level 2.2 Dodging
 + Level 0.1 Stealth
 + Level 4.9 Shields


You had 5 spell levels left.
You didn't know any spells.
Your spell library was empty.

Dungeon Overview and Level Annotations

Branches:
Dungeon (5/15)
 Temple: D:4-7

Altars:
Kikubaaqudgha
Makhleb
Okawaru
Xom
Zin

Shops:
D:4 =


Innate Abilities, Weirdness & Mutations

You have a pair of horns on your head.
You reflexively headbutt those who attack you in melee.
You occasionally lose the ability to read scrolls when taking damage.


Message History

Found a scale mail.
Found a burning altar of Makhleb.
A steam dragon comes into view.
The steam dragon hisses angrily.
You hit the orc.
The orc is almost dead.
The steam dragon breathes steam at you. The ball of steam hits you!
The orc barely misses you.
You closely miss the orc.
The orc is almost dead.
You are engulfed in a cloud of scalding steam.
The orc closely misses you. You furiously retaliate!
You headbutt the orc, but do no damage. You thump the orc!
You kill the orc!
Okawaru accepts your kill.
You are engulfed in a cloud of scalding steam.
The steam dragon breathes steam at you.
The ball of steam hits you but does no damage.
Things that are here:
a +0 short sword; a +0 leather armour You hit the steam dragon.
You headbutt the steam dragon.
The steam dragon is moderately wounded.
The steam dragon breathes steam at you. The ball of steam hits you!
You feel threatened and lose the ability to read scrolls!
You hit the steam dragon but do no damage.
Your headbutt misses the steam dragon.
The steam dragon is moderately wounded.
You are engulfed in a cloud of scalding steam.
The steam dragon barely misses you. You block the steam dragon's attack. x2
The steam dragon closely misses you.
You closely miss the steam dragon.
The steam dragon is moderately wounded.
You are engulfed in a cloud of scalding steam.
* * * LOW HITPOINT WARNING * * *
The steam dragon bites you.
* * * LOW HITPOINT WARNING * * *
The steam dragon claws you but does no damage.
The steam dragon bites you!
You die...

### .§#
#.# #.#
#.#
####.###
#..)§@<#
#.##D#.#
# #.....[
#.##.##.#
#. #.# #
#. #.. ..
...# #.
...#


You could see a steam dragon (catching breath).

Vanquished Creatures
  An ogre (D:3)
  2 vampire bats (D:4)
  A hound (D:4)
  Ijyb (D:4)
  Terence (D:2)
  An iguana (D:4)
  5 adders
  2 ufetubi (D:4)
  2 worms
  3 dart slugs
  2 orcs
  5 bats
  2 bat skeletons (D:4)
  5 bat zombies (D:4)
  9 endoplasms
  2 giant cockroaches
  4 goblins
  4 hobgoblins
  3 jackals (D:1)
  6 kobolds
  4 quokkas (D:2)
  4 ball pythons
  3 frilled lizards
  5 rats
77 creatures vanquished.

Notes
Turn   | Place    | Note
-------+----------+-------------------------------------------
     0 | D:1      | Demigod47 the Minotaur Fighter began the quest for the Orb.
     0 | D:1      | Reached XP level 1. HP: 19/19 MP: 0/0
    79 | D:1      | Reached XP level 2. HP: 5/27 MP: 1/1
    82 | D:1      | HP: 1/27 [poisoned by a goblin]
   542 | D:1      | You fall into a shaft and drop 1 floor!
   760 | D:2      | Noticed Terence
   773 | D:2      | Killed Terence
   774 | D:2      | Reached XP level 3. HP: 17/34 MP: 2/2
  1080 | D:2      | Reached XP level 4. HP: 39/41 MP: 3/3
  1097 | D:2      | Reached skill level 1 in Dodging
  1653 | D:3      | Found a faded altar of an unknown god.
  1665 | D:3      | Prayed at the altar of an unknown god.
  1665 | D:3      | Became a worshipper of Xom of Chaos
  1739 | D:3      | Noticed an ogre
  1741 | D:3      | XOM: potion effect (heal wounds)
  1743 | D:3      | Killed an ogre
  1744 | D:3      | Reached XP level 5. HP: 38/47 MP: 4/4
  1829 | D:3      | Identified the +9 sling "Jium" {vorpal, rElec rC+ rN+
                  | Int-2}
  1897 | D:3      | Found an iron altar of Okawaru.
  1935 | D:3      | XOM: 1-stop teleportation journey
  1971 | D:3      | Found a glowing silver altar of Zin.
  2381 | D:3      | Fell from the grace of Xom
  2381 | D:3      | Became a worshipper of Warmaster Okawaru
  2488 | D:4      | XOM: give mutation
  2488 | D:4      | Gained mutation: You occasionally lose the ability to read
                  | scrolls when taking damage. [Xom's mischief]
  2541 | D:4      | Noticed Ijyb
  2590 | D:4      | Killed Ijyb
  2709 | D:4      | Found Renkoug's Jewellery Shop.
  2725 | D:4      | XOM: draining
  2738 | D:4      | XOM: summons 6 hostile demons
  3187 | D:4      | Reached skill level 5 in Fighting
  3212 | D:4      | Reached skill level 5 in Armour
  3212 | D:4      | Reached XP level 6. HP: 48/49 MP: 5/5
  3487 | D:4      | Found an ancient bone altar of Kikubaaqudgha.
  3693 | D:5      | Entered Level 5 of the Dungeon
  3694 | D:5      | Found a burning altar of Makhleb.
  3694 | D:5      | Noticed a steam dragon
  3704 | D:5      | Slain by a steam dragon

Illustrated notes

Levels and vault maps discovered:
D:1:      spicycebolla_arrival_transporter_tutorial, layout_basic, serial_shops,
          nicolae_lakefront_shop
D:2:      layout_basic, kennysheep_generic_room_15, uniq_terence
D:3:      layout_loops_ring, mainiacjoe_overflow_paths,
          mainiacjoe_overflow_alcove_2, hellmonk_ecumenical_altar_crossroads,
          kennysheep_generic_room_9
D:4:      layout_loops_corners, kennysheep_vampire_church, serial_shops, shop,
          uniq_ijyb
D:5:      layout_loops_corners, overflow_temple_1_default, minivault_19

Skill      XL: |  1  2  3  4  5 |
---------------+----------------+-----
Fighting       | 4 5 |  5.1
Shields        | 4 |  4.9
Armour         | 4 5 |  5.3
Dodging        | 1 2 |  2.2
Maces & Flails | 3 4 |  4.9
Stealth        | |  0.1

Action                   |  1- 3 |  4- 6 || total
-------------------------+-------+-------++-------
Melee: Flail             |    64 |   165 ||   229
       Headbutt          |    11 |    14 ||    25
  Use: Potion            |       |     6 ||     6
Armor: Scale mail        |    35 |    56 ||    91
       Chain mail        |       |   132 ||   132
       Skin              |       |    15 ||    15
Dodge: Dodged            |    43 |   119 ||   162
Block: Buckler           |    22 |    66 ||    88
